 Dungeon Crawl Stone Soup version 0.20.1-1-g8b1a95d (webtiles) character file.

194 tmwrnj the Chopper (level 5, 0/47 HPs)
             Began as a Hill Orc Fighter on Oct 15, 2017.
             Slain by happinesssam's ghost (3 damage)
             ... on level 3 of the Dungeon.
             The game lasted 00:04:16 (2821 turns).

tmwrnj the Chopper (Hill Orc Fighter)               Turns: 2821, Time: 00:04:16

Health: 0/47       AC:  8    Str: 24    XL:     5   Next: 73%
Magic:  5/5        EV:  8    Int:  8    God:
Gold:   150        SH: 10    Dex: 11    Spells: 4/4 levels left

rFire    . . .     SeeInvis .   a - +0 war axe
rCold    . . .     Gourm    .   c - +0 shield
rNeg     . . .     Faith    .   b - +0 scale mail
rPois    .         Spirit   .   (no helmet)
rElec    .         Reflect  .   (no cloak)
rCorr    .         Harm     .   (no gloves)
MR       .....                  i - +0 pair of boots
Stlth    ..........             (no amulet)
Regen    0.2/turn               (no ring)
MPRegen  0.1/turn               (no ring)

@: mighty
A: no striking features
a: no special abilities


You were on level 3 of the Dungeon.
You were hungry.

You visited 1 branch of the dungeon, and saw 4 of its levels.

You collected 150 gold pieces.

Inventory:

Hand Weapons
 a - a +0 war axe (weapon)
Armour
 b - a +0 scale mail (worn)
 c - a +0 shield (worn)
 g - a +0 plate armour
 i - a +0 pair of boots (worn)
 j - a +2 pair of gloves
Jewellery
 l - an uncursed ring of see invisible {unknown}
Scrolls
 e - 2 scrolls of teleportation {unknown}
 k - 2 scrolls of remove curse {unknown}
 o - a scroll of magic mapping {unknown}
 p - a scroll of noise {unknown}
 q - a scroll of enchant weapon {unknown}
Potions
 m - 2 potions of degeneration {unknown}
Comestibles
 f - a bread ration
 h - 2 royal jellies
 n - 2 fruits


   Skills:
 + Level 4.4 Fighting
 + Level 4.6 Axes
 + Level 4.6 Armour
 + Level 0.7 Dodging
 + Level 0.1 Stealth
 + Level 4.1 Shields


You had 4 spell levels left.
You didn't know any spells.

Dungeon Overview and Level Annotations

Branches:
Dungeon (4/15)
 Temple: D:4-7

Altars:

Annotations:
D:3 happinesssam's ghost, amateur HuSk


Message History

You kill the gnoll!
You slash happinesssam's ghost!
You are feeling hungry.
Happinesssam's ghost hits you!
* * * LOW HITPOINT WARNING * * *
You block the goblin's attack.
Happinesssam's ghost hits you but does no damage.
You closely miss the goblin. You barely miss happinesssam's ghost.
You block the goblin's attack. Happinesssam's ghost barely misses you.
Unknown command.
You closely miss the goblin. You hit happinesssam's ghost.
Happinesssam's ghost hits you but does no damage.
You block the goblin's attack.
You closely miss the goblin. You closely miss happinesssam's ghost.
Happinesssam's ghost hits you but does no damage.
The goblin hits you but does no damage. Happinesssam's ghost hits you.
* * * LOW HITPOINT WARNING * * *
You closely miss the goblin. You hit happinesssam's ghost.
The goblin closely misses you. Happinesssam's ghost hits you.
You die...

#)# #.#
#.# #.#
#.# #.#
#.# #g#
≈..#####@#
.......W.#
..########


You could see happinesssam's ghost and a goblin.

Vanquished Creatures
  A howler monkey (D:2)
  A centaur skeleton (D:4)
  4 gnolls (D:3)
  3 adders (D:2)
  2 worms (D:2)
  2 dart slugs
  2 leopard geckos
  2 orcs
  A ball python (D:1)
  2 giant cockroaches (D:2)
  2 goblins
  9 hobgoblins
  4 bats
  3 frilled lizards
  8 kobolds
  9 rats
55 creatures vanquished.

Notes
Turn   | Place    | Note
-------+----------+-------------------------------------------
     0 | D:1      | tmwrnj the Hill Orc Fighter began the quest for the Orb.
     0 | D:1      | Reached XP level 1. HP: 19/19 MP: 1/1
   396 | D:1      | Reached XP level 2. HP: 26/27 MP: 2/2
   822 | D:1      | Reached XP level 3. HP: 33/33 MP: 3/3
  1074 | D:2      | Found a faded altar of an unknown god.
  1846 | D:2      | Reached XP level 4. HP: 32/40 MP: 4/4
  2313 | D:3      | Reached XP level 5. HP: 45/46 MP: 5/5
  2483 | D:3      | Noticed happinesssam's ghost (amateur HuSk)
  2795 | D:4      | Noticed a phantom
  2821 | D:3      | Slain by happinesssam's ghost

Skill      XL: |  1  2  3  4  5 |
---------------+----------------+-----
Axes           | 3 4 |  4.6
Fighting       | 4 |  4.4
Armour         | 4 |  4.6
Shields        | 4 |  4.1
Dodging        | |  0.7
Stealth        | |  0.1

Action                   |  1- 3 |  4- 6 || total
-------------------------+-------+-------++-------
Melee: War axe           |   134 |    90 ||   224
  Use: Potion            |       |     1 ||     1
  Eat: Chunk             |     2 |     4 ||     6
Armor: Scale mail        |    62 |    29 ||    91
Dodge: Dodged            |    43 |    35 ||    78
Block: Shield            |    69 |    50 ||   119
